Map: Dusk Towers

Players

Don

  • Race: Protoss Protoss
  • League: Master

Desive - Winner!

  • Race: Terran Terran
  • League: Master

VOD

Have the link to the VOD?

Description

Time

  • Played on: Aug. 16, 2016, 12:40 p.m.
  • Length: 8:54
Show
View Real Time Build Order
Export as new Build Order

Don Protoss 

Build Orders: Oracle Opening 

Get SALT Encoding   

  12  0:02  Probe (Chrono Boost)  
  13  0:12  Probe (Chrono Boost)  
  14  0:18  Pylon  
  14  0:25  Probe (Chrono Boost)  
  15  0:31  Assimilator  
  15  0:37  Probe (Chrono Boost)  
  16  0:45  Gateway  
  16  0:49  Probe (Chrono Boost)  
  17  0:59  Probe (Chrono Boost)  
  18  1:10  Probe (Chrono Boost)  
  19  1:19  Gateway  
  19  1:20  Probe (Chrono Boost)  
  20  1:29  Pylon  
  20  1:31  Probe (Chrono Boost)  
  20  1:40  Cybernetics Core  
  20  1:41  Probe (Chrono Boost)  
  21  1:52  Probe (Chrono Boost)  
  22  2:10  Nexus  
  22  2:18  Stargate  
  22  2:23  Assimilator  
  22  2:32  Probe (Chrono Boost)  
  22  2:33  Adept, Warp Gate  
  25  2:40  Adept  
  27  2:48  Pylon  
  27  3:06  Oracle  
  27  3:08  Probe (Chrono Boost)  
  31  3:23  Probe (Chrono Boost)  
  32  3:28  Pylon  
  32  3:31  Adept x2  
  38  3:34  Probe (Chrono Boost)  
  38  3:35  Probe (Chrono Boost)  
  38  3:59  Oracle  
  38  4:07  Probe x2 (Chrono Boost)  
  43  4:13  Gateway  
  43  4:17  Probe (Chrono Boost)  
  43  4:19  Probe (Chrono Boost)  
  45  4:28  Probe (Chrono Boost)  
  47  4:31  Probe (Chrono Boost)  
  47  4:38  Probe (Chrono Boost)  
  47  4:44  Probe (Chrono Boost)  
  49  4:49  Probe (Chrono Boost)  
  50  4:56  Probe (Chrono Boost)  
  52  5:00  Probe (Chrono Boost)  
  52  5:02  Robotics Facility  
  52  5:05  Pylon  
  53  5:08  Probe (Chrono Boost)  
  53  5:10  Probe (Chrono Boost)  
  54  5:15  Assimilator  
  54  5:17  Void Ray  
  54  5:18  Pylon  
  54  5:20  Assimilator  
  54  5:21  Pylon  
  54  5:23  Probe (Chrono Boost)  
  54  5:25  Probe (Chrono Boost)  
  60  5:28  Gateway  
  60  5:32  Forge  
  60  5:34  Probe (Chrono Boost)  
  62  5:37  Probe (Chrono Boost)  
  60  5:50  Zealot  
  60  5:52  Adept x2  
  60  5:54  Void Ray  
  60  5:55  Probe x2 (Chrono Boost)  
  60  5:56  Immortal  
  75  6:06  Probe (Chrono Boost)  
  75  6:07  Probe (Chrono Boost)  
  78  6:19  Probe (Chrono Boost)  
  78  6:20  Photon Cannon  
  78  6:27  Protoss Ground Weapons Level 1  
  78  6:30  Pylon  
  78  6:33  Photon Cannon  
  78  6:42  Void Ray  
  78  6:47  Observer, Probe (Chrono Boost)  
  81  7:09  Immortal  
  81  7:14  Nexus  
  85  7:26  Pylon  
  85  7:29  Pylon  
  85  7:34  Pylon  
  85  7:36  Pylon, Assimilator  
  85  7:39  Gateway, Oracle  
  85  7:40  Assimilator  
  85  7:41  Twilight Council  
  85  7:43  Immortal, Gateway  
  90  8:09  Void Ray, Stalker  
  90  8:10  Stalker x2  
  75  8:34  Stalker x3  
  75  8:35  Stalker  
Show
View Real Time Build Order
Export as new Build Order

Desive Terran - Winner!

Build Orders: Reaper Expand, Mech 

Get SALT Encoding   

  12  0:01  SCV  
  13  0:13  SCV  
  14  0:17  Supply Depot  
  14  0:25  SCV  
  15  0:39  SCV  
  15  0:41  Barracks  
  16  0:46  Refinery  
  16  0:51  SCV  
  17  1:03  SCV  
  18  1:15  SCV  
  19  1:27  Orbital Command  
  19  1:29  Reaper  
  20  1:45  Command Center  
  20  1:53  SCV  
  21  1:55  Refinery  
  21  2:07  Factory  
  21  2:10  SCV  
  22  2:15  Supply Depot  
  22  2:22  SCV  
  23  2:24  Barracks Tech Lab  
  23  2:37  SCV  
  24  2:49  SCV  
  25  2:52  Starport  
  25  3:00  Refinery  
  25  3:01  SCV, Cyclone  
  25  3:03  Orbital Command  
  30  3:08  Barracks Tech Lab  
  30  3:13  SCV, Refinery  
  31  3:25  SCV  
  32  3:31  SCV  
  33  3:35  Raven  
  33  3:37  SCV  
  33  3:39  Supply Depot  
  36  3:43  SCV  
  37  3:52  SCV  
  37  3:53  Cyclone  
  42  3:55  SCV  
  42  3:56  Barracks Tech Lab  
  42  4:02  Supply Depot  
  43  4:04  SCV  
  43  4:08  SCV  
  45  4:10  Ghost Academy  
  45  4:12  Supply Depot  
  45  4:15  Marauder  
  45  4:16  SCV  
  48  4:18  Banshee  
  48  4:22  SCV  
  52  4:28  SCV  
  49  4:34  SCV  
  49  4:36  Cyclone  
  49  4:38  Marauder  
  56  4:40  SCV  
  57  4:46  SCV  
  58  4:56  SCV  
  58  4:58  Ghost  
  58  4:59  SCV, Factory  
  62  5:01  Factory  
  62  5:08  SCV  
  62  5:10  Supply Depot  
  62  5:11  SCV  
  64  5:14  Siege Tank  
  64  5:17  Banshee  
  70  5:21  Supply Depot  
  70  5:31  Ghost  
  70  5:32  SCV x2  
  73  5:42  Armory  
  73  5:44  SCV x2  
  73  5:45  Factory Tech Lab  
  73  5:46  Factory Reactor  
  75  5:56  SCV  
  76  6:01  Ghost, Banshee  
  80  6:06  Supply Depot x2  
  80  6:14  Supply Depot  
  80  6:15  SCV  
  80  6:16  SCV  
  86  6:29  Thor  
  86  6:32  Thor  
  94  6:36  Hellion  
  94  6:39  Hellion  
  98  6:45  SCV x2  
  94  6:51  Banshee  
  97  6:57  SCV, Ghost  
  97  7:01  Hellion  
  102  7:04  Cloaking Field  
  102  7:15  Cyclone  
  106  7:21  Cyclone  
  110  7:24  Hellion x2  
  114  7:37  Banshee  
  114  7:41  Ghost  
  114  7:42  Command Center  
  114  7:44  SCV  
  118  8:01  SCV x2  
  120  8:10  Hellion x2, Siege Tank x2  
Tags
 
Add a new tag
Caveats
  • Supply blocks, unpowered buildings, or Contaminate may cause inaccurate times.
  • Supply counts are checked every 10 seconds.